 Dungeon Crawl Stone Soup version 0.22-a0-422-g9628fc8 (webtiles) character file.

169 Mgcat the Changer (level 5, 0/28 HPs)
             Began as a Deep Elf Transmuter on May 16, 2018.
             Succumbed to a scorpion's poison
             ... on level 3 of the Dungeon.
             The game lasted 00:08:20 (2722 turns).

Mgcat the Changer (Deep Elf Transmuter)             Turns: 2722, Time: 00:08:21

Health: 0/28       AC:  4    Str:  7    XL:     5   Next: 25%
Magic:  19/20      EV: 16    Int: 19    God:
Gold:   102        SH:  0    Dex: 17    Spells: 4/10 levels left

rFire    + . .     SeeInvis .     - Unarmed
rCold    + . .     Gourm    .   (no shield)
rNeg     . . .     Faith    .   b - +0 robe
rPois    +         Spirit   .   (no helmet)
rElec    +         Reflect  .   (no cloak)
rCorr    +         Harm     .   p - +1 pair of gloves
MR       .....     Rnd*Rage +   (no boots)
Stlth    ++........             (no amulet)
HPRegen  0.09/turn              e - +3 ring of evasion
MPRegen  0.17/turn              r - ring of magical power {MP+9}

@: lethally poisoned (0 -> -6), appendage, resistant
A: horns 2, thin skeletal structure 1, berserk 1, evolution 1
a: End Transformation


You were on level 3 of the Dungeon.
You were not hungry.
You had grown temporary horns.
You visited 1 branch of the dungeon, and saw 3 of its levels.

You collected 102 gold pieces.

Inventory:

Hand Weapons
 f - a +0 short sword
   (You found it on level 1 of the Dungeon)
 h - a +0 hunting sling
   (You found it on level 1 of the Dungeon)
 l - a +1 dagger of speed
   (You found it on level 1 of the Dungeon)
 n - a +0 short sword
   (You took it off a kobold on level 1 of the Dungeon)
 o - a +0 mace
   (You took it off a hobgoblin on level 1 of the Dungeon)
 q - a +0 club
   (You found it on level 1 of the Dungeon)
 u - a +0 club
   (You took it off a hobgoblin on level 1 of the Dungeon)
Missiles
 a - 33 arrows
 g - 155 stones (quivered)
Armour
 b - a +0 robe (worn)
 p - a +1 pair of gloves (worn)
   (You found it on level 3 of the Dungeon)
Jewellery
 e - a +3 ring of evasion (left hand)
   (You found it on level 1 of the Dungeon)
 r - a ring of magical power (right hand) {MP+9}
   (You found it on level 1 of the Dungeon)
Scrolls
 c - 2 scrolls of identify {unknown}
 j - a scroll of enchant weapon {unknown}
 k - a scroll of teleportation {unknown}
 s - 2 scrolls of remove curse {unknown}
 t - 2 scrolls of enchant armour {unknown}
Comestibles
 d - 7 rations
 m - 6 chunks of flesh {@w0}


   Skills:
 - Level 0.7 Fighting
 - Level 2.4 Dodging
 + Level 3.6 Unarmed Combat
 - Level 3.0 Spellcasting
 + Level 4.1 Transmutations
 + Level 2.3 Poison Magic


You had 4 spell levels left.
You knew the following spells:

 Your Spells              Type           Power        Failure   Level  Hunger
a - Beastly Appendage     Tmut           ###...       2%          1    None
b - Sticks to Snakes      Tmut           ###.....     4%          2    ##.....
c - Spider Form           Tmut/Pois      ###.......   12%         3    ###....

Your spell library contained the following spells:

 Spells                   Type           Power        Failure   Level  Hunger
 Blade Hands              Tmut           ###.......   61%         5    ######.
 Ice Form                 Ice/Tmut       ##......     54%         4    ####...


Dungeon Overview and Level Annotations

Branches:
Dungeon (3/15)

Altars:


Innate Abilities, Weirdness & Mutations

You have a pair of horns on your head.
You have a somewhat thin skeletal structure. (Dex +2, Stealth)
You tend to lose your temper in combat.
You evolve.


Message History

Confirm with . or Enter, or press ? or * to list all spells.
You turn into a venomous arachnid creature.
Your +1 pair of gloves melds into your body.
Your +0 robe melds into your body.
You hit the kobold.
The kobold is poisoned.
The kobold is heavily wounded.
You kill the kobold!
g - 157 stones (gained 1)
You see here a dagger.
Your transformation is almost over.
Magic restored.
Your transformation has ended.
Your +1 pair of gloves unmelds from your body.
Your +0 robe unmelds from your body.
A scorpion comes into view.
A worm comes into view.
Throwing (i - inventory)
g - 157 stones (quivered)
Press: ? - help, Shift-Dir - straight line, f - scorpion
Aim: a scorpion (resting)
You throw a stone.
The stone hits the scorpion but does no damage.
Throwing (i - inventory)
g - 156 stones (quivered)
Press: ? - help, Shift-Dir - straight line, f/p - scorpion
Aim: a scorpion You throw a stone.
The stone barely misses the scorpion.
Casting: Spider Form (safe; 14% risk of failure)
Confirm with . or Enter, or press ? or * to list all spells.
You turn into a venomous arachnid creature.
Your +1 pair of gloves melds into your body.
Your +0 robe melds into your body.
The scorpion completely misses you.
You hit the scorpion but do no damage. The scorpion completely misses you.
You hit the scorpion.
The scorpion is poisoned.
The scorpion is lightly wounded.
The scorpion stings you.
You are lethally poisoned!
The scorpion poisons you!
You hit the scorpion but do no damage.
The scorpion looks as sick as possible!
The scorpion is moderately wounded.
You feel sick. The scorpion misses you.
You hit the scorpion but do no damage.
The scorpion is heavily wounded.
You feel sick.
You kill the scorpion!
Your Transmutations skill increases to level 4!
Your Poison Magic skill increases to level 2!
You have reached level 5!
You feel sick.
You feel sick.
You feel sick.
You feel sick.
You feel sick.
A goblin comes into view.
You feel sick. The worm barely misses you.
You hit the worm.
The worm is poisoned.
The worm is moderately wounded.
* * * LOW HITPOINT WARNING * * *
You feel sick.
You bite the worm!
The worm looks as sick as possible!
The worm is almost dead.
* * * LOW HITPOINT WARNING * * *
You feel sick. The worm misses you.
You bite the worm!
You kill the worm!
Your transformation is almost over.
* * * LOW HITPOINT WARNING * * *
You feel sick.
The goblin wields a hunting sling.
The goblin shoots a sling bullet.
The sling bullet misses you.
Okay, then.
It was a potion of resistance.
You feel protected.
* * * LOW HITPOINT WARNING * * *
You feel sick.
The goblin shoots a sling bullet.
The sling bullet completely misses you.
* * * LOW HITPOINT WARNING * * *
You feel sick.
You see here a worm corpse.
* * * LOW HITPOINT WARNING * * *
You feel sick.
The goblin unwields an uncursed hunting sling.
The goblin closely misses you.
You hit the goblin.
You kill the goblin!
* * * LOW HITPOINT WARNING * * *
You feel sick.
You see here a worm corpse.
Unknown command.
Unknown command.
Unknown command.
Casting: Spider Form (safe; 28% risk of failure)
Confirm with . or Enter, or press ? or * to list all spells.
Your transformation has ended.
Your +1 pair of gloves unmelds from your body.
Your +0 robe unmelds from your body.
You grow a pair of large bovine horns.
* * * LOW HITPOINT WARNING * * *
You feel sick.
* * * LOW HITPOINT WARNING * * *
You feel sick.
You aren't carrying any potions.
You die...

########## ###
######..(..#...
#.###.....†...(....
#...#..............
##..#..............
####.................
#######.......(...†.)......
...)....####...............
...###### #....@..........
...#...## #.##.##.....#...
.<......## #.##..####### ..
.........# #.....# .
.........# ###....
.........#####..#.#
........#).........
..##...###.####.#...
######.# #..# #.#....


There were no monsters in sight!

Vanquished Creatures
  A scorpion (D:3)
  An adder (D:2)
  A worm (D:3)
  A leopard gecko (D:3)
  An orc (D:3)
  4 giant cockroaches
  9 goblins
  4 hobgoblins
  6 jackals
  9 kobolds
  2 quokkas
  5 bats
  3 frilled lizards
  5 rats
52 creatures vanquished.

Vanquished Creatures (collateral kills)
  An orc wizard (D:3)
  Terence (D:3)
  2 adders
  3 orcs (D:3)
  A jackal (D:1)
8 creatures vanquished.

Grand Total: 60 creatures vanquished

Notes
Turn   | Place    | Note
-------+----------+-------------------------------------------
     0 | D:1      | Mgcat the Deep Elf Transmuter began the quest for the Orb.
     0 | D:1      | Reached XP level 1. HP: 11/11 MP: 6/6
    88 | D:1      | HP: 1/11 [kobold (3)]
   460 | D:1      | Reached XP level 2. HP: 16/16 MP: 6/8
   464 | D:1      | Learned a level 2 spell: Sticks to Snakes
   918 | D:1      | Reached skill level 3 in Transmutations
  1127 | D:1      | HP: 3/16 [adder (3)]
  1129 | D:1      | Reached skill level 3 in Unarmed Combat
  1129 | D:1      | Reached XP level 3. HP: 16/20 MP: 9/9
  1134 | D:1      | Learned a level 3 spell: Spider Form
  1183 | D:2      | HP: 3/20 [adder (3)]
  1829 | D:2      | Reached skill level 1 in Poison Magic
  2316 | D:3      | Reached XP level 4. HP: 12/24 MP: 10/10
  2489 | D:3      | Noticed Terence
  2509 | D:3      | Killed Terence
  2518 | D:3      | HP: 6/24 [adder (2)]
  2522 | D:3      | Gained mutation: You tend to lose your temper in combat. [potion of mutation]
  2522 | D:3      | Gained mutation: You evolve. [potion of mutation]
  2522 | D:3      | Gained mutation: You have a somewhat thin skeletal structure. (Dex +2, Stealth) [potion of mutation]
  2704 | D:3      | Reached skill level 4 in Transmutations
  2704 | D:3      | Reached skill level 2 in Poison Magic
  2704 | D:3      | Reached XP level 5. HP: 17/28 MP: 11/11
  2712 | D:3      | HP: 7/28 [poisoned by a scorpion]
  2716 | D:3      | HP: 3/28 [poisoned by a scorpion]
  2720 | D:3      | HP: 1/28 [poisoned by a scorpion]
  2722 | D:3      | Succumbed to a scorpion's poison

Vault maps used:
D:1:      minmay_arrival_loop, minmay_unequal
D:2:      minmay_quantized
D:3:      minmay_close_crescents, uniq_terence

Skill      XL: |  1  2  3  4 |
---------------+-------------+-----
Transmutations | 3 4 |  4.1
Unarmed Combat | 3 |  3.6
Poison Magic   | 1 2 |  2.3
Fighting       | |  0.7
Dodging        | |  2.4
Spellcasting   | |  3.0

Action                   |  1- 3 |  4- 6 || total
-------------------------+-------+-------++-------
Melee: Unarmed           |   173 |    46 ||   219
       Kick              |    18 |     5 ||    23
       Headbutt          |    11 |     2 ||    13
       Punch             |     1 |     1 ||     2
Throw: Stone             |     1 |     2 ||     3
 Cast: Beastly Appendage |    33 |     3 ||    36
       Sticks to Snakes  |     4 |     1 ||     5
       Spider Form       |       |     2 ||     2
  Use: Potion            |     2 |     4 ||     6
 Stab: Sleeping          |     2 |       ||     2
  Eat: Chunk             |     5 |     1 ||     6
Armor: Robe              |    24 |     2 ||    26
Dodge: Dodged            |   163 |    32 ||   195

Table legend:
 A = Spawn XP
 B = Non-spawn XP
 C = Spawn XP percentage of total XP
 D = Spawn monster count
 E = Non-spawn monster count
 F = Spawn count percentage of total count
 G = Total turns spent on level
                    A         B        C        D         E        F      G
               +---------+---------+-------+---------+---------+-------+---------
         Total |       0 |     242 |   0.0 |       0 |      60 |   0.0 |  2722
               +---------+---------+-------+---------+---------+-------+---------
           D:1 |       0 |      48 |   0.0 |       0 |      25 |   0.0 |  1144
           D:2 |       0 |      41 |   0.0 |       0 |      20 |   0.0 |  1316
           D:3 |       0 |     153 |   0.0 |       0 |      15 |   0.0 |   262
               +---------+---------+-------+---------+---------+-------+---------

Vault maps used:
D:1:      minmay_arrival_loop, minmay_unequal
D:2:      minmay_quantized
D:3:      minmay_close_crescents, uniq_terence

Table legend:
 A = Turns spent in this place as a percentage of turns spent in the entire game.
 B = Non-inter-level travel turns spent in this place as a percentage of non-inter-level travel turns spent in the entire game.
 C = Inter-level travel turns spent in this place as a percentage of turns spent in this place.
 D = Turns resting spent in this place as a percentage of non-inter-level travel turns spent in this place.
 E = Turns spent auto-exploring this place as a percentage of non-inter-level travel turns spent in this place.
 F = Non-inter-level travel turns spent in this place divided by the number of levels of this place that you've seen.
                   A       B       C       D       E      F
               +-------+-------+-------+-------+-------+----------------------
         Total | 100.0 | 100.0 |   1.1 |   5.9 |  71.6 | 897.3
       Dungeon | 100.0 | 100.0 |   1.1 |   5.9 |  71.6 | 897.3
               +-------+-------+-------+-------+-------+----------------------

Table legend:
 A = Kills in this place as a percentage of kills in entire the game.
 B = Kills by you in this place as a percentage of kills by you in the entire game.
 C = Kills by friends in this place as a percentage of kills by friends in the entire game.
 D = Other kills in this place as a percentage of other kills in the entire game.
 E = Experience gained in this place as a percentage of experience gained in the entire game.
 F = Experience gained in this place divided by the number of levels of this place that you have seen.
                   A       B       C       D       E      F
               +-------+-------+-------+-------+-------+----------------------
         Total | 100.0 | 100.0 | 100.0 |   N/A | 100.0 |  80.7
       Dungeon | 100.0 | 100.0 | 100.0 |   N/A | 100.0 |  80.7
               +-------+-------+-------+-------+-------+----------------------
